 Dungeon Crawl Stone Soup version 0.22.0-38-g04b72b8 (webtiles) character file.

396 Marcoleric the Sneak (level 6, 0/38 HPs)
             Began as an Octopode Earth Elementalist on Aug 27, 2018.
             Was an Initiate of Ru.
             Slain by an ice beast (14 damage)
             ... on level 5 of the Dungeon.
             The game lasted 00:21:02 (3358 turns).

Marcoleric the Sneak (Octopode Earth Elementalist)  Turns: 3358, Time: 00:21:02

Health: 0/38       AC:  1    Str:  9    XL:     6   Next: 82%
Magic:  11/11      EV: 14    Int: 18    God:    Ru [......]
Gold:   249        SH:  0    Dex: 12    Spells: 6/12 levels left

rFire    . . .     SeeInvis .   f - +4 whip (elec)
rCold    . . .     Gourm    .   (no shield)
rNeg     . . .     Faith    .   (helmet restricted)
rPois    .         Spirit   .   (no amulet)
rElec    .         Reflect  .   (no ring)
rCorr    .         Harm     .   (no ring)
MR       .....                  (no ring)
Stlth    ++++......             (no ring)
HPRegen  0.12/turn              (no ring)
MPRegen  0.12/turn              (no ring)
                                (no ring)
                                (no ring)

@: no status effects
A: almost no armour, stealthy swim, amphibious, 8 rings, constrict 8, camouflage
1, sense surroundings 1, wild magic 1, gelatinous body 1
a: Renounce Religion


You were on level 5 of the Dungeon.
You worshipped Ru.
Ru was noncommittal.
You were not hungry.

You visited 1 branch of the dungeon, and saw 5 of its levels.

You collected 249 gold pieces.

Inventory:

Hand Weapons
 f - a +4 whip of electrocution (weapon)
Missiles
 b - 84 stones (quivered)
Armour
 h - the +1 naga barding "Deoduibi" {+Blink rC- Str+10 Int+4, unknown}
   (You found it on level 4 of the Dungeon)

   It affects your strength (+10).
   It affects your intelligence (+4).
   It makes you vulnerable to cold.
   It lets you blink.
Wands
 m - a wand of enslavement (9)
Scrolls
 d - 2 scrolls of magic mapping {unknown}
 e - 2 scrolls of teleportation
 i - 5 scrolls of identify
 l - 2 scrolls of remove curse {unknown}
Potions
 a - 2 potions of curing
 g - a potion of haste
 j - 2 potions of brilliance {unknown}
 k - 2 potions of cancellation {unknown}
 n - a potion of heal wounds {unknown}
Comestibles
 c - 4 rations


   Skills:
 + Level 1.0 Fighting
 + Level 1.5 Maces & Flails
 + Level 2.8 Dodging
 + Level 4.8 Stealth
 + Level 0.1 Unarmed Combat
 + Level 3.7 Spellcasting
 + Level 0.3 Conjurations
 + Level 1.0 Transmutations
 + Level 4.8 Earth Magic


You had 6 spell levels left.
You knew the following spells:

 Your Spells              Type           Power        Failure   Level  Hunger
a - Sandblast             Erth           ####..       4%          1    None
b - Passwall              Tmut/Erth      ###.....     11%         2    ##.....
c - Stone Arrow           Conj/Erth      ###...       22%         3    ###....

Your spell library contained the following spells:

 Spells                   Type           Power        Failure   Level  Hunger
 Petrify                  Tmut/Erth      ###.....     50%         4    ####...
 Lee's Rapid Deconstruct  Erth           ####......   61%         5    ######.


Dungeon Overview and Level Annotations

Branches:
Dungeon (5/15)
 Temple: D:4-7

Altars:
Ru
Wu Jian


Innate Abilities, Weirdness & Mutations

You cannot wear most types of armour.
You are very stealthy in the water. (Stealth+)
You are amphibious.
You can wear up to eight rings at the same time.
You can use your tentacles to constrict eight enemies at once.
Your skin changes colour to match your surroundings (Stealth+).
Your rubbery body absorbs attacks. (AC +1, EV +1)
You passively map a small area around you.
Your spells are a little harder to cast, but a little more powerful.


Message History

Orders for allies: a - Attack new target. r - Retreat! s - Stop attacking. g - Guard the area. f - Follow me.
Anything else - Cancel.
Gang up on whom?
Press: ? - help, Dir - move target cursor, f - shadow imp
Aim: a shadow imp (resting) Attack!
Your ice beast hits the quokka.
Your ice beast freezes the quokka!
The quokka dies!
The ice beast is no longer charmed.
The ice beast hits you. The ice beast freezes you. The ice beast hits you.
The ice beast freezes you.
Evoke which item? (* to show all) (? for menu, Esc to quit)
Aiming: Enslavement
Press: ? - help, Shift-Dir - straight line, f/p - shadow imp
Aim: a shadow imp (chance to defeat MR: 54%)
The ice beast resists with some effort.
The ice beast hits you. The ice beast freezes you!
You die...

# #[.##...##.[#.# #.#
#.#...##.##†..#.# #.#
#.##...#.#...##.# #.#
#..##.'#.#†.##..# #.#
##...###...###...## #.#
#[......58........####.###
#....###.Z.###......##....
#...# +#Y#+ ##..##.#...##
,,.....# #@# ,##.##......#
* ##.#. *#.#* #.##.#...##
# # * ...* ,#.#...#..#
**.....* #.#......# *,
....... ,..#...#.## *
.###....# #####+## * *#.
####.# ** ##...## # , .. ,
*##.....# * ,* ##....<..


You could see an ice beast, a shadow imp and a quokka zombie.

Vanquished Creatures
  An ogre (D:4)
  A worker ant (D:4)
  An orc wizard (D:3)
  11 gnolls
  6 adders
  2 oozes (D:1)
  2 adder skeletons (D:4)
  A worm (D:2)
  A dart slug (D:2)
  4 leopard geckos
  9 orcs
  A giant cockroach (D:4)
  3 goblins
  6 hobgoblins
  3 jackals
  A quokka (D:3)
  7 bats
  2 frilled lizards (D:1)
  A jackal zombie (D:5)
  4 kobolds
  8 rats
75 creatures vanquished.

Vanquished Creatures (collateral kills)
  A leopard gecko (D:5)
  2 quokkas (D:5)
3 creatures vanquished.

Grand Total: 78 creatures vanquished

Notes
Turn   | Place    | Note
-------+----------+-------------------------------------------
     0 | D:1      | Marcoleric the Octopode Earth Elementalist began the quest for the Orb.
     0 | D:1      | Reached XP level 1. HP: 11/11 MP: 3/3
    83 | D:1      | Reached XP level 2. HP: 17/17 MP: 1/5
   897 | D:1      | Learned a level 2 spell: Passwall
   899 | D:1      | Reached XP level 3. HP: 21/21 MP: 3/6
  1076 | D:2      | Reached XP level 4. HP: 15/27 MP: 1/7
  1661 | D:3      | Learned a level 3 spell: Stone Arrow
  1779 | D:3      | Reached XP level 5. HP: 24/31 MP: 0/9
  1780 | D:3      | Found an ornate altar of the Wu Jian Council.
  1914 | D:3      | Gained mutation: Potions are less effective at restoring your health. [potion of mutation]
  1914 | D:3      | Gained mutation: You are partially covered in yellow scales. (AC +2) [potion of mutation]
  2301 | D:4      | Lost mutation: You are partially covered in yellow scales. (AC +2) [potion of mutation]
  2301 | D:4      | Lost mutation: Potions are less effective at restoring your health. [potion of mutation]
  2301 | D:4      | Gained mutation: Your spells are a little easier to cast, but a little less powerful. [potion of mutation]
  2301 | D:4      | Gained mutation: Your magical capacity is low. (-10% MP) [potion of mutation]
  2301 | D:4      | Gained mutation: Scrolls take you a little longer to read. [potion of mutation]
  2301 | D:4      | Gained mutation: You are agile. (Dex +2) [potion of mutation]
  2342 | D:4      | Lost mutation: You are agile. (Dex +2) [potion of mutation]
  2342 | D:4      | Lost mutation: Your spells are a little easier to cast, but a little less powerful. [potion of mutation]
  2342 | D:4      | Lost mutation: Your magical capacity is low. (-10% MP) [potion of mutation]
  2342 | D:4      | Lost mutation: Scrolls take you a little longer to read. [potion of mutation]
  2342 | D:4      | Gained mutation: You are frail. (-10% HP) [potion of mutation]
  2342 | D:4      | Gained mutation: You passively map a small area around you. [potion of mutation]
  2342 | D:4      | Lost mutation: You are frail. (-10% HP) [potion of mutation]
  2342 | D:4      | Gained mutation: Your spells are a little harder to cast, but a little more powerful. [potion of mutation]
  2365 | D:4      | Found a sacrificial altar of Ru.
  2367 | D:4      | Became a worshipper of Ru the Awakened
  2386 | D:4      | Reached XP level 6. HP: 26/37 MP: 9/11
  2667 | D:4      | Reached skill level 1 in Fighting
  2667 | D:4      | Reached skill level 1 in Maces & Flails
  3207 | D:4      | Got a scorched naga barding
  3255 | D:5      | Entered Level 5 of the Dungeon
  3322 | D:5      | Noticed an ice beast
  3358 | D:5      | Slain by an ice beast

Skill      XL: |  1  2  3  4  5  6 |
---------------+-------------------+-----
Stealth        | 3 4 |  4.8
Earth Magic    | 4 |  4.8
Spellcasting   | 3 |  3.7
Fighting       | 1 |  1.0
Maces & Flails | 1 |  1.5
Dodging        | |  2.8
Unarmed Combat | |  0.1
Conjurations   | |  0.3
Transmutations | |  1.0

Action                   |  1- 3 |  4- 6 || total
-------------------------+-------+-------++-------
Melee: Unarmed           |    19 |     3 ||    22
       Constrict         |     8 |    17 ||    25
       Tentacles         |     2 |    11 ||    13
       Whip              |       |    72 ||    72
Throw: Stone             |     3 |     1 ||     4
 Cast: Sandblast         |    20 |    21 ||    41
       Stone Arrow       |       |    16 ||    16
       Passwall          |       |     1 ||     1
Evoke: Wand              |       |     2 ||     2
  Use: Scroll            |     1 |     5 ||     6
       Potion            |       |     3 ||     3
 Stab: Sleeping          |     5 |     5 ||    10
  Eat: Ration            |       |     3 ||     3
Armor: Skin              |     3 |     4 ||     7
Dodge: Dodged            |     8 |    64 ||    72
